 Dungeon Crawl Stone Soup version 0.14.0-24-gfb45beb (webtiles) character file.

302195 Maka the Crack Shot (level 20, -1/192 HPs)
             Began as a Centaur Hunter on Apr 21, 2014.
             Was the Champion of Okawaru.
             Slain by the Enchantress
             ... wielding a +3,+4 quick blade
              (10 damage)
             ... on Level 2 of the Depths on Apr 23, 2014.
             The game lasted 04:30:56 (41566 turns).

Maka the Crack Shot (Centaur Hunter)               Turns: 41566, Time: 04:30:57

HP  -1/192       AC 43     Str 17      XL: 20   Next: 15%
MP   0/28        EV 18     Int 13      God: Okawaru [******]
Gold 2467        SH  0     Dex 17      Spells:  0 memorised, 19 levels left

rFire  + + .     SeeInvis +     a - +8 longbow of Okawaru's Reproof {frost, Int+3}
rCold  + . .     Clarity  .     t - +7 fire dragon armour
rNeg   . . .     Conserve .     (no shield)
rPois  +         rCorr    .     v - +1 helmet {SInv}
rElec  .         rRot     .     H - +1 cloak {rPois}
SustAb . .       Spirit   +     G - +2 pair of gloves
rMut   .         Warding  .     e - +4 centaur barding {rC+}
Saprov . . .     NoTele   +     f - amulet of guardian spirit
MR     +....                    d - +2 ring of evasion
                                p - ring of protection from cold

@: slowed, heroism, cannot translocate, somewhat resistant to hostile
enchantments, extremely unstealthy
A: hooves 3, rugged brown scales 1, deformed body, herbivore 1, speed 2, fast
metabolism 1, tough skin 3
a: Heroism, Finesse, Renounce Religion
}: 2/15 runes: decaying, serpentine


You were on level 2 of the Depths.
You worshipped Okawaru.
Okawaru was exalted by your worship.
You were full.

You visited 8 branches of the dungeon, and saw 44 of its levels.
You also visited: Sewer and Ice Cave.

You collected 4274 gold pieces.
You spent 1807 gold pieces at shops.

Inventory:

Hand weapons
 a - the +8,+8 longbow of Okawaru's Reproof (weapon) {frost, Int+3}
   (Okawaru gifted it to you on level 12 of the Dungeon)

   It turns projectiles fired from it into bolts of frost.
   It affects your intelligence (+3).
 b - a +5,+0 quarterstaff of speed
 y - a +6,+5 longbow of velocity
Missiles
 c - 125 arrows (quivered)
 u - 66 poisoned arrows
 E - 70 arrows of dispersal
 N - 103 arrows of frost
 U - 40 arrows of flame
Armour
 e - a +4 centaur barding of cold resistance (worn)
 k - a +2 pearl dragon armour
 t - a +7 fire dragon armour (worn)
 v - a +1 helmet of see invisible (worn)
 G - a +2 pair of gloves (worn)
 H - a +1 cloak of poison resistance (worn)
Magical devices
 j - a wand of digging (11)
 M - a wand of digging (9)
 T - a wand of invisibility (5)
 W - a wand of hasting (7)
 X - a wand of hasting (7)
 Y - a wand of teleportation (7)
 Z - a wand of teleportation (6)
Comestibles
 l - a meat ration
 L - 4 bread rations
Scrolls
 h - 2 scrolls of remove curse
 n - a scroll of vulnerability
 q - 2 scrolls of fog
 B - 3 scrolls of fear
 D - 2 scrolls of blinking
 K - 4 scrolls of teleportation
Jewellery
 d - a +2 ring of evasion (right hand)
 f - an amulet of guardian spirit (around neck)
 g - an uncursed ring of ice
 i - an uncursed ring of protection from fire
 o - an uncursed ring of sustain abilities
 p - a ring of protection from cold (left hand)
 A - an uncursed ring of poison resistance
 I - an uncursed amulet of resist mutation
 Q - an uncursed ring of protection from magic
 S - an uncursed ring of magical power
Potions
 m - 2 potions of resistance
 r - 2 potions of haste
 w - 2 potions of agility
 x - 5 potions of heal wounds
 F - 7 potions of curing
 R - 2 potions of restore abilities
 V - a potion of might


   Skills:
 - Level 18.0(23.0) Fighting
 + Level 23.4(27) Bows
 - Level 15.0(20.0) Armour
 - Level 12.1(17.1) Dodging
 - Level 0.5(5.5) Stealth
 - Level 8.0 Invocations


You had 19 spell levels left.
You didn't know any spells.

Dungeon Overview and Level Annotations

Branches:
Dungeon (15/15)            Temple (1/1) D:4             Orc (4/4) D:10
    Elf (0/3) Orc:4          Lair (8/8) D:10          Swamp (5/5) Lair:4
  Snake (5/5) Lair:6        Slime (0/6) Lair:8       Vaults (4/5) D:14
  Blade (0/1) Vaults:4      Crypt (0/5) Vaults:2     Depths (2/5) D:15

Altars:
Elyvilon
Makhleb
Nemelex Xobeh
Okawaru
Sif Muna
Trog

Shops:
D:5 (   D:7 *   D:9 [=   D:14 :   Orc:1 *}   Orc:4 *[!?   Snake:2 *
Vaults:3 (   Vaults:4 ![   Depths:1 :

Portals:
Hell: Depths:1 Depths:2
Abyss: Depths:1

Annotations:
Depths:2 the Enchantress


Innate Abilities, Weirdness & Mutations

You have hooves in place of feet.
Armour fits poorly on your strangely shaped body.
You digest meat inefficiently.
You cover ground very quickly.
You have a fast metabolism.
You have extremely tough skin (AC +3).
You are partially covered in rugged brown scales (AC +1, +3% HP).


Message History

* * * LOW HITPOINT WARNING * * *
You're too confused!
Drink which item? (? for menu, Esc to quit)
You feel better.
The spriggan defender hits you but does no damage.
The Enchantress hits you with a glowing quick blade.
* * * LOW HITPOINT WARNING * * *
The Enchantress closely misses you.
The spriggan defender hits you but does no damage.
You are electrocuted!
* * * LOW HITPOINT WARNING * * *
The spriggan air mage hits you with an uncursed runed quick blade!
* * * LOW HITPOINT WARNING * * *
Drink which item? (? for menu, Esc to quit)
You feel much better.
The spriggan air mage waves its arms in wide circles.
The air twists around and strikes you!
* * * LOW HITPOINT WARNING * * *
The Enchantress hits you with a glowing quick blade!
You die...

#.......#....#
..#...).))#(...# .
#..#.......'....#####..
#..#.......#............
##..#.......#.............
####...#.......#.............
.......##.#...##i............
........#######.iii...........
................@i.((......(..
.............###i###[.........
...........### ###i(##.......
...........#


..iii ....... ...........# ....)ii ....... ...........# ###(#.# ......
...........# #+## ..... ............. ...# .....######## . You could see the
Enchantress, 2 spriggan defenders, a spriggan air mage and 2 spriggans.

Vanquished Creatures
  the Lernaean hydra (Swamp:5)
  Nikola (Vaults:3)
  Asterion (Swamp:1)
  An Ice Fiend (IceCv)
  Vashnia (Snake:4)
  2 thorn hunters
  A tengu reaver (Depths:1)
  Agnes (Vaults:3)
  Frances (Swamp:1)
  A frost giant (Vaults:3)
  Donald (Snake:1)
  3 vault wardens
  8 greater nagas (Snake:5)
  Wiglaf (Vaults:3)
  Maud (Lair:4)
  A fire giant (Depths:1)
  Aizul (Snake:1)
  Louise (Snake:1)
  An emperor scorpion (Depths:1)
  3 deep elf sorcerers
  Gastronok (Lair:3)
  Jorgrun (Swamp:4)
  A spriggan defender (Depths:2)
  4 rakshasas
  9 stone giants
  The ghost of Stendarr the Aerator, a powerful HEAE of Okawaru (IceCv)
  2 deep elf annihilators
  4 dire elephants (Lair:8)
  2 ettins
  A deep elf death mage (Vaults:3)
  Snorg (Lair:3)
  A crystal guardian (Vaults:4)
  6 yaktaur captains
  20 hydras
  2 fire dragons
  9 ironheart preservers
  4 great orbs of eyes
  Fannar (D:14)
  Harold (D:12)
  11 anacondas
  10 naga warriors
  2 deep troll earth magi (Depths:1)
  3 shambling mangroves
  6 dancing weapons
  2 ice dragons
  2 alligators
  4 tengu warriors
  11 ogre magi
  A catoblepas (Lair:6)
  2 deep troll shamans
  6 centaur warriors
  4 shock serpents
  18 naga sharpshooters
  Urug (D:12)
  A spectral elf (Vaults:3)
  4 very ugly things
  A deep elf knight (Vaults:4)
  A sun demon (Swamp:1)
  2 fire crabs
  3 skeletal warriors
  3 salamander mystics
  2 wizards
  4 unseen horrors
  2 spriggan druids (Swamp:5)
  The ghost of Gravenous the Transmogrifier, an experienced DrTm (D:7)
  2 deep elf summoners
  8 swamp dragons
  3 ice statues (IceCv)
  An ice devil (IceCv)
  3 flayed ghosts
  11 deep trolls
  5 hill giants
  6 ironbrand convokers
  6 mana vipers
  8 naga ritualists
  12 harpies
  2 necromancers
  4 griffons
  7 red wasps
  12 salamanders
  3 wolf spiders
  8 orc knights
  A shadow dragon skeleton (Vaults:4)
  2 orc sorcerers (D:15)
  7 cyclopes
  A spectral human (Vaults:3)
  A manticore (D:14)
  7 elephants (Lair:8)
  A stone giant skeleton (Vaults:4)
  31 black mambas
  A small abomination (Vaults:3)
  A guardian serpent (shapeshifter) (Vaults:2)
  10 vault sentinels
  14 spiny frogs
  33 naga magi
  29 yaktaurs
  A queen ant (Lair:6)
  A gargoyle (D:13)
  2 feature mimics
  3 kobold demonologists
  A tengu conjurer (D:13)
  An iron devil (Depths:1)
  A yaktaur zombie (D:15)
  A boggart (Vaults:3)
  3 komodo dragons
  An item mimic (Lair:1)
  A yaktaur skeleton (Vaults:4)
  4 deep elf priests
  3 freezing wraiths
  6 fire drakes
  A centaur skeleton (D:13)
  21 two-headed ogres
  2 giant fireflies (Swamp:5)
  A wind drake (shapeshifter) (Vaults:2)
  A polar bear (Lair:4)
  11 trolls
  11 giant leeches
  Prince Ribbit (D:9)
  7 bog bodies
  7 blue devils (IceCv)
  5 boulder beetles
  4 brown oozes (Lair:8)
  A grizzly bear (Lair:8)
  35 slime creatures
  8 ravens
  24 blink frogs
  3 basilisks
  An ettin skeleton (Vaults:4)
  A shadow (Swamp:3)
  5 thorn lotuses
  A water elemental (D:15)
  A formicid (shapeshifter) (Vaults:4)
  4 spriggans
  4 wraiths
  8 hippogriffs
  46 yaks
  A hungry ghost (D:10)
  3 wyverns
  An elephant slug (Lair:4)
  9 deep elf fighters
  Eustachio (D:5)
  4 deep elf magi
  5 sharks
  A spriggan (shapeshifter) (Vaults:1)
  A hill giant zombie (D:10)
  32 vampire mosquitoes
  2 mottled dragons
  22 ugly things
  A steam dragon (D:10)
  18 wolves
  20 swamp worms
  48 nagas
  18 soldier ants
  26 water moccasins
  A tengu skeleton (D:15)
  3 wargs
  16 giant goldfish
  11 swamp drakes
  2 porcupines
  3 phantoms
  An ettin simulacrum (Vaults:2)
  2 necrophages
  16 ice beasts
  53 ogres
  36 orc warriors
  27 centaurs
  A boring beetle (Lair:8)
  A lost soul (Vaults:3)
  9 crocodiles
  4 big kobolds
  7 giant slugs
  22 giant frogs
  A brain worm (D:15)
  A human zombie (Vaults:4)
  A troll zombie (D:10)
  A cyclops skeleton (D:10)
  A scorpion (D:6)
  3 wights (D:15)
  A water moccasin skeleton (D:10)
  25 killer bees
  5 electric eels
  2 eyes of draining
  6 goliath beetles
  2 centaur zombies
  5 jellies
  8 big fish
  10 iguanas
  6 crimson imps
  20 orc priests
  2 quasits
  2 giant frog skeletons
  A giant frog zombie (D:7)
  15 hounds
  35 orc wizards
  A gnoll shaman (D:9)
  5 iron imps (Depths:1)
  An orange rat (Vaults:2)
  42 worker ants
  20 sheep
  An ogre skeleton (D:5)
  6 ogre zombies (D:10)
  19 orc zombies
  26 adders
  18 gnolls
  3 shadow imps
  55 green rats
  2 inept feature mimics
  2 giant mites
  5 worms
  An ufetubus (Vaults:1)
  An iguana zombie (D:7)
  An iguana skeleton (D:5)
  6 orc skeletons
  An adder skeleton (D:6)
  2 giant eyeballs
  11 giant geckos
  160 orcs
  8 giant cockroaches
  23 hobgoblins
  29 jackals
  16 quokkas
  3 ball pythons
  22 bats
  8 giant newts
  2 giant spores
  17 goblins
  4 goblin zombies (D:10)
  19 kobolds
  A kobold zombie (D:5)
  23 rats
  2 rat skeletons
  6 ballistomycetes
  A briar patch (Swamp:3)
  5 fungi
  11 plants
1863 creatures vanquished.

Vanquished Creatures (others)
  An orc (Orc:3)
  A giant spore (D:13)
  6 fungi
8 creatures vanquished.

Grand Total: 1871 creatures vanquished

Notes
Turn   | Place    | Note
--------------------------------------------------------------
     0 | D:1      | Maka, the Centaur Hunter, began the quest for the Orb.
     0 | D:1      | Reached XP level 1. HP: 16/16 MP: 1/1
   200 | D:1      | Reached XP level 2. HP: 23/23 MP: 2/2
   204 | D:1      | Reached skill level 6 in Bows
   626 | D:2      | Reached XP level 3. HP: 20/28 MP: 3/3
   696 | D:2      | Reached skill level 7 in Bows
   864 | D:2      | Reached XP level 4. HP: 28/35 MP: 3/3
   926 | D:2      | Reached skill level 8 in Bows
  1359 | D:3      | Reached XP level 5. HP: 29/41 MP: 4/4
  1553 | D:3      | Found a glowing drain.
  1598 | Sewer    | Entered a sewer
  1992 | Sewer    | Reached skill level 9 in Bows
  2164 | D:3      | Upgraded the game from 0.14.0-20-g75a2fc2 to 0.14.0-22-gf9cf6d8
  2297 | D:3      | Reached XP level 6. HP: 44/48 MP: 5/5
  2454 | D:3      | Found a bloodstained altar of Trog.
  2535 | D:4      | Found a staircase to the Ecumenical Temple.
  2545 | Temple   | Entered the Ecumenical Temple
  2557 | Temple   | Became a worshipper of Warmaster Okawaru
  3104 | D:4      | Reached XP level 7. HP: 59/59 MP: 5/5
  3167 | D:5      | Entered Level 5 of the Dungeon
  3285 | D:5      | Got a jade-encrusted chain mail
  3299 | D:5      | Identified the -7 chain mail of Haihil {Dam+5 Stlth} (You found it on level 5 of the Dungeon)
  3396 | D:5      | Noticed Eustachio
  3417 | D:5      | Killed Eustachio
  3417 | D:5      | Acquired Okawaru's first power
  3417 | D:5      | Reached skill level 10 in Bows
  3449 | D:5      | Found Huyniwoa's Antique Weapon Boutique.
  3564 | D:5      | Found a white marble altar of Elyvilon.
  3775 | D:5      | Reached skill level 11 in Bows
  3775 | D:5      | Reached skill level 1 in Armour
  3793 | D:5      | Reached XP level 8. HP: 61/66 MP: 6/6
  3968 | D:6      | Found an iron altar of Okawaru.
  4160 | D:6      | Reached skill level 5 in Fighting
  4891 | D:7      | Reached skill level 12 in Bows
  4945 | D:7      | Found Khirue's General Store.
  4952 | D:7      | Bought a potion of confusion for 14 gold pieces
  4952 | D:7      | Bought a scroll of blinking for 105 gold pieces
  5017 | D:7      | Noticed Gravenous' ghost (experienced DrTm)
  5078 | D:7      | Killed Gravenous' ghost
  5078 | D:7      | Reached skill level 13 in Bows
  5078 | D:7      | Reached XP level 9. HP: 32/75 MP: 5/7
  5455 | D:8      | Found a staircase to the Lair.
  5465 | D:8      | the staircase to the Lair was a mimic.
  5881 | D:9      | Reached skill level 14 in Bows
  6032 | D:9      | Found Ycloruargh's Armour Emporium.
  6054 | D:9      | Received a gift from Okawaru
  6071 | D:9      | Bought a +0 cloak for 72 gold pieces
  6071 | D:9      | Bought a +2 pair of gloves for 232 gold pieces
  6085 | D:9      | Found Mnais' Jewellery Emporium.
  6194 | D:9      | Reached skill level 15 in Bows
  6247 | D:9      | Noticed Prince Ribbit
  6255 | D:9      | Killed Prince Ribbit
  6358 | D:10     | Entered Level 10 of the Dungeon
  6424 | D:10     | Found a staircase to the Orcish Mines.
  6476 | D:10     | Received a gift from Okawaru
  6649 | D:10     | Reached XP level 10. HP: 77/88 MP: 7/7
  7507 | D:9      | Reached skill level 1 in Invocations
  7726 | D:10     | Noticed a hill giant
  7794 | D:10     | Killed a hill giant
  7794 | D:10     | Acquired Okawaru's second power
  7806 | D:10     | Received a gift from Okawaru
  7922 | D:10     | Received a gift from Okawaru
  8128 | D:10     | Reached skill level 5 in Dodging
  8219 | D:10     | Reached XP level 11. HP: 60/97 MP: 14/14
  8690 | D:10     | Received a gift from Okawaru
  8816 | D:10     | Found a staircase to the Lair.
  8831 | D:10     | Upgraded the game from 0.14.0-22-gf9cf6d8 to 0.14.0-24-gfb45beb
  8902 | Lair:1   | Entered Level 1 of the Lair of Beasts
  9282 | Lair:1   | Received a gift from Okawaru
  9519 | Lair:1   | Identified a scroll of acquirement
  9574 | Lair:1   | Got a bloodstained helmet
  9578 | Lair:1   | Identified the +0 helmet of the Imp {Str-4 Int+4} (You found it on level 1 of the Lair of Beasts)
  9974 | Lair:2   | Received a gift from Okawaru
 10156 | Lair:2   | Reached skill level 10 in Fighting
 10355 | Lair:2   | Reached skill level 16 in Bows
 10744 | Lair:3   | Noticed Gastronok
 10804 | Lair:3   | Killed Gastronok
 10804 | Lair:3   | Reached skill level 17 in Bows
 10842 | Lair:3   | Found a hole to the Spider Nest.
 10848 | Lair:3   | the hole to the Spider Nest was a mimic.
 10964 | Lair:3   | Noticed Snorg
 11343 | Lair:3   | Reached XP level 12. HP: 78/106 MP: 11/15
 11426 | Lair:3   | Killed Snorg
 11426 | Lair:3   | Received a gift from Okawaru
 11426 | Lair:3   | Reached skill level 18 in Bows
 11642 | Lair:3   | Gained mutation: You are partially covered in rugged brown scales (AC +1, +3% HP). [potion of beneficial mutation]
 11733 | Lair:4   | Found a staircase to the Swamp.
 12357 | Lair:4   | Found a burning altar of Makhleb.
 12588 | Lair:4   | Noticed Maud
 12657 | Lair:4   | Killed Maud
 13660 | D:11     | Received a gift from Okawaru
 14461 | D:12     | Received a gift from Okawaru
 14468 | D:12     | Got an encrusted longbow {god gift}
 14469 | D:12     | Identified the +8,+8 longbow of Okawaru's Reproof {frost, Int+3} (Okawaru gifted it to you on level 12 of the Dungeon)
 14574 | D:12     | Noticed Harold
 14576 | D:12     | Noticed Urug
 14622 | D:12     | Killed Harold
 14666 | D:12     | Killed Urug
 14674 | D:12     | Reached XP level 13. HP: 38/121 MP: 8/16
 14693 | D:12     | Reached skill level 19 in Bows
 15788 | D:13     | Received a gift from Okawaru
 15791 | D:13     | Got a shimmering scale mail {god gift}
 15803 | D:13     | Reached skill level 20 in Bows
 15949 | D:13     | Noticed a storm dragon
 16011 | D:13     | Identified the +3 scale mail of Shraicruykk {Str+2 Int+1} (Okawaru gifted it to you on level 13 of the Dungeon)
 16193 | D:14     | Noticed Fannar
 16238 | D:14     | Killed Fannar
 16350 | D:14     | Got a brightly glowing centaur barding
 16360 | D:14     | Identified the +1 centaur barding "Plaenaf" {Str-2 Int+5} (You acquired it on level 14 of the Dungeon)
 16446 | D:14     | Found a gate to the Vaults.
 16565 | D:14     | Reached skill level 21 in Bows
 16813 | D:14     | Found Qeuwn's Book Shoppe.
 17101 | D:15     | Entered Level 15 of the Dungeon
 17411 | D:15     | Received a gift from Okawaru
 17416 | D:15     | Got an ichor-stained scale mail {god gift}
 17437 | D:15     | Identified the +4 scale mail of the Gastropod {SInv} (Okawaru gifted it to you on level 15 of the Dungeon)
 17498 | D:15     | Found a staircase to the Depths.
 17724 | D:14     | Reached XP level 14. HP: 120/129 MP: 17/17
 17771 | D:13     | Reached skill level 5 in Armour
 17854 | D:12     | Noticed an eight-headed hydra
 17865 | D:12     | Killed an eight-headed hydra
 18378 | Orc:1    | Entered Level 1 of the Orcish Mines
 18469 | Orc:1    | Found Jaonuq's Gadget Emporium.
 18512 | Orc:1    | Jaonuq's Gadget Emporium was a mimic.
 18953 | Orc:1    | Found Hyekhlyk's Gadget Boutique.
 19030 | Orc:1    | Found Straopal's Assorted Antiques.
 19068 | Orc:1    | Bought 2 black potions for 59 gold pieces
 19068 | Orc:1    | Bought a scroll labeled CLERCHO GIYD for 33 gold pieces
 19068 | Orc:1    | Bought 2 emulsified silvery potions for 59 gold pieces
 19414 | Orc:4    | Entered Level 4 of the Orcish Mines
 19465 | Orc:4    | Found a staircase to the Elven Halls.
 20746 | Orc:4    | Found Ezuriat's Distillery.
 20746 | Orc:4    | Found Fibeivot's Antique Armour Shoppe.
 20764 | Orc:4    | Found Crick's Assorted Antiques.
 20766 | Orc:4    | Found Mudimurph's Magic Scroll Shop.
 20786 | Orc:4    | Bought a scroll of identify for 22 gold pieces
 20786 | Orc:4    | Bought a scroll of blinking for 82 gold pieces
 20786 | Orc:4    | Bought a scroll of enchant weapon II for 60 gold pieces
 20793 | Orc:4    | Bought a scroll of teleportation for 33 gold pieces
 20796 | Orc:4    | Bought a potion of curing for 30 gold pieces
 20796 | Orc:4    | Bought a potion of heal wounds for 45 gold pieces
 20798 | Orc:4    | Bought a warped scale mail for 216 gold pieces
 20798 | Orc:4    | Bought a dazzling ring mail for 216 gold pieces
 20801 | Orc:4    | Bought a scroll of fog for 46 gold pieces
 20814 | Orc:4    | Identified the +2 scale mail "Thraanu" {rF+} (You bought it in a shop on level 4 of the Orcish Mines)
 20826 | Orc:4    | Identified the cursed -1 ring mail of Sommaypa {+Blink rC+ SInv Stlth++} (You bought it in a shop on level 4 of the Orcish Mines)
 22072 | Lair:6   | Received a gift from Okawaru
 22147 | Lair:6   | Received a gift from Okawaru
 22434 | Lair:6   | Found a staircase to the Snake Pit.
 23563 | Lair:8   | Entered Level 8 of the Lair of Beasts
 23659 | Lair:8   | Found a staircase to the Slime Pits.
 23798 | Lair:8   | Reached XP level 15. HP: 136/140 MP: 18/18
 23821 | Lair:8   | Received a gift from Okawaru
 23825 | Lair:8   | Got a faintly humming helmet {god gift}
 23829 | Lair:8   | Identified the +2 helmet "Asexeruh" {Int+3 Acc+4} (Okawaru gifted it to you on level 8 of the Lair of Beasts)
 24837 | Snake:1  | Entered Level 1 of the Snake Pit
 24837 | Snake:1  | Noticed Donald
 24842 | Snake:1  | Killed Donald
 25079 | Snake:1  | Noticed Louise
 25114 | Snake:1  | Killed Louise
 25525 | Snake:1  | Noticed Aizul
 25537 | Snake:1  | Killed Aizul
 25692 | Snake:2  | Received a gift from Okawaru
 25730 | Snake:2  | Found Kaofet's Assorted Antiques.
 25875 | Snake:2  | Reached skill level 15 in Fighting
 25902 | Snake:2  | Received a gift from Okawaru
 26113 | Snake:2  | Reached skill level 5 in Invocations
 26412 | Snake:2  | Received a gift from Okawaru
 27221 | Snake:4  | Reached XP level 16. HP: 154/154 MP: 23/23
 27284 | Snake:4  | Noticed Vashnia
 27308 | Snake:4  | Killed Vashnia
 27482 | Snake:4  | Received a gift from Okawaru
 27677 | Snake:4  | Received a gift from Okawaru
 28049 | Snake:5  | Entered Level 5 of the Snake Pit
 28229 | Snake:5  | Reached skill level 10 in Armour
 28663 | Snake:5  | Reached skill level 10 in Dodging
 28690 | Snake:5  | Received a gift from Okawaru
 28785 | Snake:5  | Received a gift from Okawaru
 28930 | Snake:5  | Reached XP level 17. HP: 80/162 MP: 23/26
 28987 | Snake:5  | Got a serpentine rune of Zot
 29092 | Snake:5  | Received a gift from Okawaru
 29498 | Swamp:1  | Entered Level 1 of the Swamp
 29570 | Swamp:1  | Noticed Frances
 29604 | Swamp:1  | Killed Frances
 29712 | Swamp:1  | Noticed Asterion
 29729 | Swamp:1  | Killed Asterion
 30839 | Swamp:3  | Received a gift from Okawaru
 30847 | Swamp:3  | Found a frozen archway.
 30889 | IceCv    | Entered an ice cave
 30970 | IceCv    | Noticed Stendarr's ghost (powerful HEAE)
 30989 | IceCv    | Killed Stendarr's ghost
 31163 | IceCv    | Noticed an Ice Fiend
 31169 | IceCv    | Killed an Ice Fiend
 31169 | IceCv    | Reached skill level 22 in Bows
 31188 | IceCv    | Got a brightly glowing ring mail
 31201 | IceCv    | Identified the cursed +0 ring mail of Untold Secrets {Str+3} (You found it in an ice cave)
 31596 | Swamp:4  | Noticed Jorgrun
 31631 | Swamp:4  | Killed Jorgrun
 31786 | Swamp:5  | Entered Level 5 of the Swamp
 32337 | Swamp:5  | Received a gift from Okawaru
 32565 | Swamp:5  | Noticed the 27-headed Lernaean hydra
 32618 | Swamp:5  | Received a gift from Okawaru
 32677 | Swamp:5  | Reached XP level 18. HP: 170/170 MP: 27/27
 32764 | Swamp:5  | Got a decaying rune of Zot
 32822 | Swamp:5  | Killed the 27-headed Lernaean hydra
 33880 | Vaults:1 | Entered Level 1 of the Vaults
 33964 | Vaults:1 | Received a gift from Okawaru
 34165 | Vaults:1 | Received a gift from Okawaru
 34170 | Vaults:1 | Got a steaming centaur barding {god gift}
 34180 | Vaults:1 | Identified the +0 centaur barding of the Hart {Str+3} (Okawaru gifted it to you on level 1 of the Vaults)
 35813 | Vaults:2 | Found a staircase to the Crypt.
 36655 | Vaults:2 | Received a gift from Okawaru
 37552 | Vaults:3 | Noticed Agnes
 37557 | Vaults:3 | Killed Agnes
 37633 | Vaults:3 | Received a gift from Okawaru
 37633 | Vaults:3 | Reached XP level 19. HP: 169/184 MP: 24/27
 37642 | Vaults:3 | Found Xiutirac's Antique Weapon Emporium.
 37669 | Vaults:3 | Noticed Wiglaf
 37679 | Vaults:3 | Killed Wiglaf
 37941 | Vaults:3 | Noticed Nikola
 37954 | Vaults:3 | Killed Nikola
 38173 | Vaults:3 | Received a gift from Okawaru
 38176 | Vaults:3 | Got a dazzling plate armour {god gift}
 38215 | Vaults:3 | Identified the +0 plate armour of the Lost Places {rElec} (Okawaru gifted it to you on level 3 of the Vaults)
 38500 | Vaults:4 | Found Zeaseuw's Distillery.
 38504 | Vaults:4 | Bought 2 potions of heal wounds for 126 gold pieces
 38504 | Vaults:4 | Bought a potion of strong poison for 42 gold pieces
 38625 | Vaults:4 | Found a staircase to the Hall of Blades.
 39888 | Vaults:4 | Found Lastrice's Armour Emporium.
 39956 | Vaults:4 | Reached skill level 15 in Armour
 40039 | Vaults:4 | Received a gift from Okawaru
 40081 | Vaults:4 | Bought a potion of porridge for 21 gold pieces
 40081 | Vaults:4 | Bought 2 potions of resistance for 294 gold pieces
 40619 | Depths:1 | Entered Level 1 of the Depths
 40714 | Depths:1 | Found a one-way gate to the infinite horrors of the Abyss.
 40728 | Depths:1 | Paralysed by a giant eyeball for 2 turns
 40739 | Depths:1 | Paralysed by a giant eyeball for 3 turns
 40748 | Depths:1 | Paralysed by a giant eyeball for 3 turns
 40961 | Depths:1 | Found a gateway to Hell.
 40965 | Depths:1 | Reached XP level 20. HP: 192/192 MP: 28/28
 41119 | Depths:1 | Reached skill level 23 in Bows
 41242 | Depths:1 | Found Omuduuwk's Book Shop.
 41345 | Depths:1 | Found a deep blue altar of Sif Muna.
 41384 | Depths:2 | Received a gift from Okawaru
 41531 | Depths:2 | Noticed the Enchantress
 41565 | Depths:2 | HP: 9/192 [spriggan defender/lajatang of electrocution[the Enchantress] (17)]
 41565 | Depths:2 | HP: 1/192 [spriggan air mage/uncursed runed quick blade[the Enchantress] (8)]
 41566 | Depths:2 | Slain by the Enchantress

Action                   |  1- 3 |  4- 6 |  7- 9 | 10-12 | 13-15 | 16-18 | 19-21 || total
-------------------------+-------+-------+-------+-------+-------+-------+-------++-------
Melee: Short sword       |    30 |    69 |    51 |   110 |       |       |       ||   260
       Bow               |     1 |       |     4 |       |     1 |       |       ||     6
       Cutlass           |       |       |       |   224 |   104 |       |       ||   328
       Quarterstaff      |       |       |       |       |       |     9 |       ||     9
 Fire: Bow               |    64 |   127 |   453 |  1024 |   158 |       |       ||  1826
       Longbow           |       |       |       |    34 |  1496 |  1558 |   795 ||  3883
Throw: Javelin           |       |    10 |       |       |       |       |       ||    10
Invok: Heroism           |       |       |     1 |     2 |     2 |     7 |     3 ||    15
       Finesse           |       |       |       |       |       |     2 |       ||     2
Evoke: Wand              |       |       |     3 |    11 |     5 |     3 |     8 ||    30
  Use: Scroll            |       |     8 |    10 |     5 |    38 |    23 |     4 ||    88
       Potion            |       |       |       |     1 |       |       |     8 ||     9
